Unix NetHack Version 5.0.0-0 post-release - last build Jun 10 2026 00:39:30 (3ee93aec679c4c4259841fe613dc97188e26a321,branch:main).

Game began 2026-06-14 15:58:23, ended 2026-06-14 16:03:40.

GdeVolpiano, lawful male human Archeologist

              -+--------------
             #-..............|     -------
           ###|..............|     |.....|                        ----------
    -----  #  |..............-     |.....|                        |.%=@.!*[|
    |....##   -----------|----     |.....|                        |.!)m.d!=|
    |...|                #        #|>....|                        |.!%![[[?|
    |..>|                #      ###.......###                     |.!%%?**/|
    |...|                #      # #-------  #            #     ###|.=?[(/[[|
    |....#########################################################*@%.*[]!+|
    -----                #      #           #            #        ----------
                         #      #           #
                         #    ###           #
                         #    #             #    -+---.--
                     ----|- ###             ###  .......|
                     |..*.|##               ###  |......|
                     |.....##               # ###-......|
                     |....|                      |.....<|
                     ------                      --------

GdeVolpiano the Digger     St:11 Dx:15 Co:11 In:15 Wi:17 Ch:10  Lawful
Dlvl:3  $:922 HP:0(19) Pw:12(12) AC:9  Xp:2 T:961  Hungry  

Latest messages:
 You have no secondary weapon readied.
 Indy drops a rock.
 You lash the small mimic.
 Indy picks up a dark green potion.
 The small mimic hits!
 You lash the small mimic.
 You lash the small mimic.
 You lash the small mimic.
 You lash the small mimic.
 You lash the small mimic.
 You lash the small mimic.
 Indy drops a dark green potion.
 Indy picks up a cloudy potion.
 You lash the small mimic.
 The small mimic hits!
 You lash the small mimic.
 Indy drops a cloudy potion.
 You lash the small mimic.
 The small mimic hits!
 What do you want to drink? [mps or ?*]
 You feel better.
 The small mimic hits!
 You miss the small mimic.
 You lash the small mimic.
 You lash the small mimic.
 You miss the small mimic.
 You lash the small mimic.
 You lash the small mimic.
 You lash the small mimic.
 You lash the small mimic.
 You lash the small mimic.
 The small mimic hits!
 What do you want to drink? [mps or ?*]
 You feel better.
 Indy picks up a blue gem.
 The small mimic hits!
 In what direction?
 Your clumsy kick does no damage.
 You miss the small mimic.
 The small mimic hits!
 What do you want to drink? [mps or ?*]
 You feel better.
 The small mimic hits!
 You lash the small mimic.
 The small mimic hits!
 You lash the small mimic.
 The small mimic hits!
 You die...
 Budereyri gratefully inherits all your possessions.
 Do you want to see what you had when you died? [ynq] (y)

Inventory:
 Coins    ('$')
  $ - 922 gold pieces
 Weapons  (')')
  a - a +2 bullwhip (weapon in right hand)
 Armor    ('[')
  c - an uncursed +0 fedora (being worn)
  q - an uncursed +0 cloak of invisibility
  b - an uncursed +0 leather jacket (being worn)
 Comestibles  ('%')
  d - 4 uncursed food rations
  l - an uncursed tripe ration
 Scrolls  ('?')
  r - a cursed scroll of create monster
  i - an uncursed scroll of magic mapping
 Spellbooks  ('+')
  o - an uncursed spellbook of detect monsters
 Potions  ('!')
  s - an uncursed potion of fruit juice
  m - an uncursed potion of healing
  p - an uncursed potion of levitation
 Tools    ('(')
  h - an uncursed sack containing 1 item
  k - an uncursed leash
  f - a tinning kit (0:82)
 Gems/Stones  ('*')
  n - an uncursed luckstone
  g - an uncursed touchstone

Contents of the sack:
  a +0 pick-axe

GdeVolpiano the Archeologist's attributes:

Background:
 You were a Digger, a level 2 male human Archeologist.
 You were lawful, on a mission for Quetzalcoatl
 who was opposed by Camaxtli (neutral) and Huhetotl (chaotic).
 You were right-handed.
 You were in the Dungeons of Doom, on level 3.
 You entered the dungeon 961 turns ago.
 There was a new moon in effect when your adventure ended.
 You had 23 experience points, 17 more were needed to attain level 3.

Basics:
 You had 0 out of 19 hit points.
 You had all 12 energy points (spell power).
 Your armor class was 9.
 Your wallet contained 922 zorkmids.
 Autopickup was on, but temporarily disabled while inside the shop.

Final Characteristics:
 Your strength was 11 (limit:18/100).
 Your dexterity was 15 (limit:18).
 Your constitution was 11 (limit:18).
 Your intelligence was 15 (limit:18).
 Your wisdom was 17 (limit:18).
 Your charisma was 10 (limit:18).

Final Status:
 You were hungry.
 You were unencumbered.
 You were wielding a whip.
 You had basic skill with whip.

Final Attributes:
 You were devoutly aligned.
 You had automatic searching.
 You were lucky.
 You had extra luck.
 Bad luck did not time out for you.
 Good luck did not time out for you.
 You are dead.

Miscellaneous:
 You encountered 1 bones level.
 Total elapsed playing time was 5 minutes and 6 seconds.

Major events:
 Turn
    1: GdeVolpiano the lawful male human Archeologist entered the dungeon
  763: entered the Gnomish Mines
  961: killed by a small mimic

Spells:
 Name                 Level Category     Fail Retention
 detect monsters        1   divination     8%  76%-100%

Skills:
 Fighting Skills
   bare handed combat [Unskilled]
   two weapon combat  [Unskilled]
   riding             [Unskilled]
 Weapon Skills
   dagger             [Unskilled]
   knife              [Unskilled]
   pick-axe           [Basic]
   short sword        [Unskilled]
   saber              [Unskilled]
   club               [Unskilled]
   quarterstaff       [Unskilled]
   sling              [Unskilled]
   dart               [Unskilled]
   boomerang          [Unskilled]
   whip               [Basic]
   unicorn horn       [Unskilled]
 Spellcasting Skills
   attack spells      [Unskilled]
   healing spells     [Unskilled]
   divination spells  [Unskilled]
   matter spells      [Unskilled]

Voluntary challenges:
 Character rerolling was not enabled.
 You followed a strict vegan diet.
 You were an atheist.
 You never genocided any monsters.
 You never polymorphed an object.
 You never changed form.
 You used no wishes.
Achievements:
 You entered a shop.
 You entered the Gnomish Mines.

 The Dungeons of Doom: levels 1 to 4
    Level 1:
    Level 2:
       A food shop.
    Level 3: <- You were here.
       A general store.
       Stairs down to The Gnomish Mines.
       Final resting place for
          you, killed by a small mimic.
    Level 4:
 The Gnomish Mines:
    Level 4:
       Final resting place for
          pots164-Kni-Hum-Fem-Law, killed by a gnome.


Vanquished creatures:
  a green mold
  3 jackals
  a fox
  a kobold
  2 sewer rats
  a grid bug
  a lichen
  a kobold zombie
  a newt
12 creatures vanquished.

No species were genocided or became extinct.

Game over:
                       ----------
                      /          \
                     /    REST    \
                    /      IN      \
                   /     PEACE      \
                  /                  \
                  |   GdeVolpiano    |
                  |      922 Au      |
                  |   killed by a    |
                  |   small mimic    |
                  |                  |
                  |                  |
                  |       2026       |
                 *|     *  *  *      | *
        _________)/\\_//(\/(/\)/\//\/|_)_______

Goodbye GdeVolpiano the Archeologist...

You died in The Dungeons of Doom on dungeon level 3 with 1082 points,
and 922 pieces of gold, after 961 moves.
You were level 2 with a maximum of 19 hit points when you died.

